3A
BELLEVILLE BULLS @ GRAND FORKS CATERPILLARS
05/10/2020
 
TOP OF THE 1ST
Belleville Bulls batting - Pitching for Grand Forks Caterpillars : LHP Gary Barber
Pitching: LHP Gary Barber
Batting: LHB Forrest McCooke 0-0: Called Strike
0-1: Bunt missed!
0-2: Fly out, F6 (Popup, 56D)
Batting: LHB Tony Ríos 0-0: Called Strike
0-1: Ball
1-1: Called Strike
1-2: Strikes out swinging
Batting: RHB Felipe Gonzáles 0-0: Called Strike
0-1: Foul Ball, location: 2F
0-2: Foul Ball, location: 2F
0-2: Strikes out swinging
Top of the 1st over - 0 run(s), 0 hit(s), 0 error(s), 0 left on base; Belleville 0 - Grand Forks 0
BOTTOM OF THE 1ST
Grand Forks Caterpillars batting - Pitching for Belleville Bulls : RHP Jim Unknown
Pitching: RHP Jim Unknown
Batting: LHB Felipe Trujillo Single, Error in OF, E7, batter to second base
Batting: RHB Dao-zi Dai 0-0: SINGLE (Line Drive, 8RS)
Felipe Trujillo to third
Batting: RHB John Moore 0-0: Called Strike
0-1: Swinging Strike
0-2: Ball
1-2: Fly out, F7 (Flyball, 78S)
Runner from 3rd tags up, SCORES, throw made
Batting: RHB Eduardo Sánchez 0-0: Ball
1-0: Swinging Strike
1-1: Ball
2-1: Swinging Strike
2-2: Ball
3-2: Strikes out swinging
Batting: LHB Tae-sang Han 0-0: Ball
1-0: Ball
2-0: Called Strike
2-1: Fly out, F4 (Line Drive, 4)
Bottom of the 1st over - 1 run(s), 2 hit(s), 1 error(s), 1 left on base; Belleville 0 - Grand Forks 1
TOP OF THE 2ND
Belleville Bulls batting - Pitching for Grand Forks Caterpillars : LHP Gary Barber
Batting: RHB Dirk Davis 0-0: Called Strike
0-1: Ball
1-1: SINGLE (Line Drive, 4D)
Batting: RHB Héctor Rojas 0-0: Fly out, F9 (Line Drive, 9M)
Batting: RHB Jesús Soto 0-0: Ball
1-0: Foul Ball, location: 2F
1-1: SINGLE (Line Drive, 78S)
Dirk Davis to second
Batting: RHB Clarence Neal 0-0: Called Strike
0-1: DOUBLE (Groundball, 5L)
Dirk Davis scores
Jesús Soto to third
Runner from 3rd tries for Home, SAFE, throw made home
Batting: RHB Esteban De La Cruz 0-0: Ground out 4-3 (Groundball, 4M)
Clarence Neal to third
Batting: LHB Jim Unknown 0-0: Called Strike
0-1: Foul Ball, location: 2F
0-2: Fly out, F6 (Popup, 4MD)
Top of the 2nd over - 2 run(s), 3 hit(s), 0 error(s), 1 left on base; Belleville 2 - Grand Forks 1
BOTTOM OF THE 2ND
Grand Forks Caterpillars batting - Pitching for Belleville Bulls : RHP Jim Unknown
Batting: RHB Gabriel Pérez 0-0: Bunt for hit - play at first, batter safe!
Batting: LHB Carlos Álvarez 0-0: Ball
1-0: Ball
2-0: 2-RUN HOME RUN (Flyball, 8RXD), Distance : 435 ft
Batting: RHB Jeremy Murphy 0-0: Ball
1-0: Ball
2-0: Called Strike
2-1: Foul Ball, location: 2F
2-2: Ball
3-2: Ground out 5-3 (Groundball, 5)
Batting: LHB Ramón Martínez 0-0: Called Strike
0-1: Ball
1-1: Fly out, F8 (Line Drive, 8RM)
Batting: LHB Felipe Trujillo 0-0: Fly out, F7 (Flyball, 7LM)
Bottom of the 2nd over - 2 run(s), 2 hit(s), 0 error(s), 0 left on base; Belleville 2 - Grand Forks 3
TOP OF THE 3RD
Belleville Bulls batting - Pitching for Grand Forks Caterpillars : LHP Gary Barber
Batting: LHB Forrest McCooke 0-0: Foul Ball, location: 2F
0-1: Fly out, F8 (Flyball, 8LM)
Batting: LHB Tony Ríos 0-0: Ball
1-0: Called Strike
1-1: Ball
2-1: Fly out, F8 (Flyball, 8RM)
Batting: RHB Felipe Gonzáles 0-0: Foul Ball, location: 2F
0-1: Called Strike
0-2: SINGLE (Line Drive, 34)
Batting: RHB Dirk Davis 0-0: Ball
1-0: Ball
2-0: Foul Ball, location: 2F
2-1: DOUBLE (Line Drive, 8LM)
Felipe Gonzáles to third
Runner from 3rd tries for Home, throw and OUT!
Top of the 3rd over - 0 run(s), 2 hit(s), 0 error(s), 1 left on base; Belleville 2 - Grand Forks 3
BOTTOM OF THE 3RD
Grand Forks Caterpillars batting - Pitching for Belleville Bulls : RHP Jim Unknown
Batting: RHB Dao-zi Dai 0-0: Fly out, F9 (Line Drive, 9M)
Batting: RHB John Moore 0-0: Called Strike
0-1: Ball
1-1: Called Strike
1-2: Ball
2-2: Foul Ball, location: 2F
2-2: Strikes out swinging
Batting: RHB Eduardo Sánchez 0-0: Swinging Strike
0-1: SINGLE (Flyball, 8RS)
Batting: LHB Tae-sang Han 0-0: Ball
1-0: DOUBLE (Line Drive, 5D)
Eduardo Sánchez to third
Batting: RHB Gabriel Pérez 0-0: Ball
1-0: Called Strike
1-1: Ball
2-1: Foul Ball, location: 2F
2-2: Strikes out swinging
Bottom of the 3rd over - 0 run(s), 2 hit(s), 0 error(s), 2 left on base; Belleville 2 - Grand Forks 3
TOP OF THE 4TH
Belleville Bulls batting - Pitching for Grand Forks Caterpillars : LHP Gary Barber
Batting: RHB Héctor Rojas 0-0: Ball
1-0: Ground out 1-3 (Groundball, 13S)
Batting: RHB Jesús Soto 0-0: Reached on error, E5 (Groundball, 56S)
Batting: RHB Clarence Neal 0-0: Called Strike
0-1: Foul Ball, location: 2F
0-2: Strikes out swinging
Batting: RHB Esteban De La Cruz 0-0: Swinging Strike
0-1: Foul Ball, location: 2F
0-2: Ground out 4-3 (Groundball, 4)
Top of the 4th over - 0 run(s), 0 hit(s), 1 error(s), 1 left on base; Belleville 2 - Grand Forks 3
BOTTOM OF THE 4TH
Grand Forks Caterpillars batting - Pitching for Belleville Bulls : RHP Jim Unknown
Batting: LHB Carlos Álvarez 0-0: Called Strike
0-1: Fly out, F9 (Line Drive, 89S)
Batting: RHB Jeremy Murphy 0-0: Ball
1-0: Ball
2-0: Ball
3-0: Base on Balls
Batting: LHB Ramón Martínez 0-0: Ground out 4-3 (Groundball, 4M)
Jeremy Murphy to second
Batting: LHB Felipe Trujillo 0-0: Ground out 4-3 (Groundball, 34)
Bottom of the 4th over - 0 run(s), 0 hit(s), 0 error(s), 1 left on base; Belleville 2 - Grand Forks 3
TOP OF THE 5TH
Belleville Bulls batting - Pitching for Grand Forks Caterpillars : LHP Gary Barber
Batting: LHB Jim Unknown 0-0: Ball
1-0: Ball
2-0: Ball
3-0: Called Strike
3-1: Base on Balls
Batting: LHB Forrest McCooke 0-0: Ball
1-0: Bunted foul
1-1: Sac Bunt - play at second, runner OUT! 1-6
Batting: LHB Tony Ríos 0-0: Ball
1-0: Grounds into double play, 4-6-3 (Groundball, 4)
Top of the 5th over - 0 run(s), 0 hit(s), 0 error(s), 0 left on base; Belleville 2 - Grand Forks 3
BOTTOM OF THE 5TH
Grand Forks Caterpillars batting - Pitching for Belleville Bulls : RHP Jim Unknown
Batting: RHB Dao-zi Dai 0-0: SINGLE (Flyball, 8LS)
Batting: RHB John Moore 0-0: Fly out, F5 (Line Drive, 5)
Batting: RHB Eduardo Sánchez 0-0: Called Strike
0-1: Fielders Choice at 2nd, 6-4 (Groundball, 6M)
Batting: LHB Tae-sang Han 0-0: Called Strike
0-1: Ball
1-1: Ball
2-1: Ball
3-1: Swinging Strike
3-2: Strikes out swinging
Bottom of the 5th over - 0 run(s), 1 hit(s), 0 error(s), 1 left on base; Belleville 2 - Grand Forks 3
TOP OF THE 6TH
Belleville Bulls batting - Pitching for Grand Forks Caterpillars : LHP Gary Barber
Batting: RHB Felipe Gonzáles 0-0: Swinging Strike
0-1: SINGLE (Groundball, 6MD)
Batting: RHB Dirk Davis 0-0: Grounds into double play, 1-6-3 (Groundball, 23)
Batting: RHB Héctor Rojas 0-0: Ball
1-0: Ball
2-0: Ground out U3 (Groundball, 3L)
Top of the 6th over - 0 run(s), 1 hit(s), 0 error(s), 0 left on base; Belleville 2 - Grand Forks 3
BOTTOM OF THE 6TH
Grand Forks Caterpillars batting - Pitching for Belleville Bulls : RHP Jim Unknown
Batting: RHB Gabriel Pérez 0-0: SINGLE (Groundball, 6MD) (infield hit)
Batting: LHB Carlos Álvarez 0-0: Bunt missed!
0-1: Ball
Gabriel Pérez is caught stealing 2nd base
1-1: SINGLE (Flyball, 6MD)
Batting: RHB Jeremy Murphy 0-0: Ball
1-0: Ball
2-0: Foul Ball, location: 2F
2-1: 2-RUN HOME RUN (Flyball, 78XD) (Inside the Park)
Batting: LHB Ramón Martínez 0-0: Called Strike
0-1: Foul Ball, location: 2F
0-2: Ball
1-2: Strikes out swinging
Batting: LHB Felipe Trujillo 0-0: Ball
1-0: Ball
2-0: Ground out U3 (Groundball, 3L)
Bottom of the 6th over - 2 run(s), 3 hit(s), 0 error(s), 0 left on base; Belleville 2 - Grand Forks 5
TOP OF THE 7TH
Belleville Bulls batting - Pitching for Grand Forks Caterpillars : LHP Gary Barber
Batting: RHB Jesús Soto 0-0: Ball
1-0: Swinging Strike
1-1: Called Strike
1-2: Strikes out swinging
Batting: RHB Clarence Neal 0-0: Ball
1-0: Called Strike
1-1: Foul Ball, location: 2F
1-2: Strikes out looking
Batting: RHB Esteban De La Cruz 0-0: Ball
1-0: Fly out, F9 (Flyball, 89M)
Top of the 7th over - 0 run(s), 0 hit(s), 0 error(s), 0 left on base; Belleville 2 - Grand Forks 5
BOTTOM OF THE 7TH
Grand Forks Caterpillars batting - Pitching for Belleville Bulls : RHP Jim Unknown
Batting: RHB Dao-zi Dai 0-0: Called Strike
0-1: Foul Ball, location: 2F
0-2: SINGLE (Line Drive, 6D)
Batting: RHB John Moore 0-0: Swinging Strike
0-1: Ball
1-1: Ball
2-1: Ground out 5-3 (Groundball, 5S)
Dao-zi Dai to second
Batting: RHB Eduardo Sánchez 0-0: Intentional Walk
Pitching: RHP Henrique Caador
Batting: LHB Tae-sang Han 0-0: Foul Ball, location: 2F
0-1: Ball
1-1: Fly out, F8 (Flyball, 78M)
Batting: RHB Gabriel Pérez 0-0: Swinging Strike
0-1: Ball
1-1: Ball
2-1: SINGLE (Line Drive, 4M)
Dao-zi Dai to third
Eduardo Sánchez to second
Batting: LHB Carlos Álvarez 0-0: DOUBLE (Flyball, 78D)
Dao-zi Dai scores
Eduardo Sánchez scores
Gabriel Pérez to third
Pinch Runner at 2nd Nathaniel Gault:
Batting: RHB Jeremy Murphy 0-0: Foul Ball, location: 2F
0-1: Ball
1-1: Called Strike
1-2: 3-RUN HOME RUN (Flyball, 7D), Distance : 396 ft
Pitching: RHP Bei Xú
Batting: LHB Ramón Martínez 0-0: Called Strike
0-1: Swinging Strike
0-2: Ground out U3 (Groundball, 3)
Bottom of the 7th over - 5 run(s), 4 hit(s), 0 error(s), 0 left on base; Belleville 2 - Grand Forks 10
TOP OF THE 8TH
Belleville Bulls batting - Pitching for Grand Forks Caterpillars : LHP Gary Barber
Now in RF: Nathaniel Gault
Batting: LHB Jim Unknown 0-0: Ball
1-0: SINGLE (Groundball, 34S)
Batting: LHB Forrest McCooke 0-0: Called Strike
0-1: Called Strike
0-2: Strikes out swinging
Batting: LHB Tony Ríos 0-0: Ball
1-0: Ball
2-0: Called Strike
2-1: Foul Ball, location: 2F
2-2: DOUBLE (Flyball, 7LM)
Jim Unknown to third
Pinch Hitting: RHB Jim Unknown 0-0: Foul Ball, location: 2F
0-1: Ball
1-1: Ball
2-1: Swinging Strike
2-2: Fly out, F7 (Popup, 78S)
Batting: RHB Dirk Davis 0-0: Foul Ball, location: 2F
0-1: DOUBLE (Flyball, 89XD)
Jim Unknown scores
Tony Ríos scores
Batting: RHB Héctor Rojas 0-0: SINGLE (Groundball, 6)
Dirk Davis to third
Runner from 3rd tries for Home, SAFE, no throw or cutoff
Pitching: RHP Aurelio Sánchez
Batting: RHB Jesús Soto 0-0: Called Strike
0-1: Ball
1-1: Swinging Strike
1-2: Strikes out swinging
Top of the 8th over - 3 run(s), 4 hit(s), 0 error(s), 1 left on base; Belleville 5 - Grand Forks 10
BOTTOM OF THE 8TH
Grand Forks Caterpillars batting - Pitching for Belleville Bulls : RHP Bei Xú
Now in LF: Jim Unknown
Batting: LHB Felipe Trujillo 0-0: Called Strike
0-1: Ball
1-1: Foul Ball, location: 2F
1-2: SINGLE (Groundball, 34D)
Batting: RHB Dao-zi Dai 0-0: Ball
Felipe Trujillo is caught stealing 2nd base
1-0: Ball
2-0: Ground out 5-3 (Groundball, 15S)
Batting: RHB John Moore 0-0: Ball
1-0: Reached on error, E5 (Groundball, 56)
Batting: RHB Eduardo Sánchez 0-0: SINGLE (Line Drive, 6D)
John Moore to third
Runner from 3rd tries for Home, SAFE, no throw or cutoff
Batting: LHB Tae-sang Han 0-0: Ball
1-0: Foul Ball, location: 2F
1-1: Ball
2-1: Foul Ball, location: 2F
2-2: Fly out, F6 (Popup, 6D)
Bottom of the 8th over - 1 run(s), 2 hit(s), 1 error(s), 1 left on base; Belleville 5 - Grand Forks 11
TOP OF THE 9TH
Belleville Bulls batting - Pitching for Grand Forks Caterpillars : RHP Aurelio Sánchez
Batting: RHB Clarence Neal 0-0: Foul Ball, location: 2F
0-1: Foul Ball, location: 2F
0-2: Strikes out swinging
Batting: RHB Esteban De La Cruz 0-0: Called Strike
0-1: Foul Ball, location: 2F
0-2: Strikes out swinging
Batting: LHB Jim Unknown 0-0: SINGLE (Flyball, 8RS)
Batting: LHB Forrest McCooke 0-0: Called Strike
0-1: Ball
1-1: Ball
2-1: Ball
3-1: Foul Ball, location: 2F
3-2: Fly out, F8 (Flyball, 8LM)
Top of the 9th over - 0 run(s), 1 hit(s), 0 error(s), 1 left on base; Belleville 5 - Grand Forks 11
This league is powered by Out of the Park Baseball, the baseball management simulation game for PC, Mac and Linux
Friday, October 23rd, 2015 - OOTP Baseball 16.9 Build 39